 Dungeon Crawl Stone Soup version 0.24.0-123-gd5b16e6ec5 (webtiles) character file.

Game seed: 11025440143224245059, levelgen mode: deterministic

16655 eccles the Carver (level 12, -13/95 HPs)
             Began as a Demonspawn Abyssal Knight on Jan 25, 2020.
             Was the Champion of Lugonu.
             Killed from afar by Azrael (41 damage)
             ... with damnation
             ... on level 11 of the Dungeon on Feb 3, 2020.
             The game lasted 01:07:57 (12110 turns).

eccles the Carver (Demonspawn Abyssal Knight)      Turns: 12110, Time: 01:07:58

Health: -13/95     AC: 22    Str: 16    XL:     12   Next: 12%
Magic:  22/22      EV:  6    Int: 16    God:    Lugonu [******]
Gold:   843        SH:  3    Dex: 12    Spells: 11/11 levels left

rFire    + . .     SeeInvis .   w - +7 long sword (distort)
rCold    . . .     Gourm    .   R - +0 buckler
rNeg     . . .     Faith    .   J - +1 plate armour {rF+}
rPois    .         Spirit   .   (no helmet)
rElec    .         Reflect  .   (no cloak)
rCorr    .         Harm     .   O - +0 pair of gloves
MR       .....                  (boots unavailable)
Stlth    ..........             (no amulet)
HPRegen  0.25/turn              x - ring of magical power
MPRegen  0.18/turn              p - +3 ring of protection

@: lethally poisoned (-13 -> -14), very slightly contaminated
A: hooves 3, molten scales 2, spiny 1
a: Depart the Abyss, Bend Space, Banish, Corrupt, Enter the Abyss, Renounce
Religion


You were on level 11 of the Dungeon.
You worshipped Lugonu.
Lugonu was exalted by your worship.
You were not hungry.

You visited 1 branch of the dungeon, and saw 12 of its levels.
You visited the Abyss 1 time.
You also visited: Sewer.

You collected 843 gold pieces.

Inventory:

Hand Weapons
 a - a +3 falchion
 m - a +0 shortbow
 q - a +1 flail of protection
 r - a +0 hunting sling
 s - a +0 flail
 w - a +7 long sword of distortion (weapon)
 I - the +9 quarterstaff of Execution {crush, rPois MR+}
   (You found it on level 6 of the Dungeon)

   It inflicts extra damage upon your enemies.
   It protects you from poison.
   It affects your resistance to hostile enchantments.
 M - a +4 falchion of venom
Missiles
 d - 68 poisoned darts (quivered)
 i - 330 stones
 j - 271 arrows
 y - 69 bolts
 L - 16 sling bullets
Armour
 H - a +3 plate armour
 J - a +1 plate armour of fire resistance (worn)
 O - a +0 pair of gloves (worn)
 R - a +0 buckler (worn)
Jewellery
 g - an uncursed ring of ice
 k - an uncursed ring of flight
 p - a +3 ring of protection (right hand)
 x - a ring of magical power (left hand)
Wands
 b - a wand of disintegration (5)
 f - a wand of acid (12)
 o - a wand of polymorph (9)
 G - a wand of flame (28)
Scrolls
 e - 11 scrolls of teleportation
 u - 7 scrolls of remove curse
 A - 6 scrolls of magic mapping
 P - a scroll of identify
 S - a scroll of fog
Potions
 l - 4 potions of brilliance
 n - a potion of berserk rage
 t - a potion of ambrosia
 v - 6 potions of flight
 z - a potion of lignification
 B - 2 potions of haste
 C - 2 potions of magic
 D - 7 potions of curing
 E - 2 potions of heal wounds
 F - 4 potions of might
 K - a potion of mutation
Miscellaneous
 N - a lightning rod (4/4)
Comestibles
 c - 16 rations


   Skills:
 * Level 9.1 Fighting
 * Level 12.5 Long Blades
 + Level 2.0 Throwing
 * Level 9.9 Armour
 + Level 3.0 Dodging
 + Level 1.8 Stealth
 + Level 0.3 Shields
 + Level 2.5 Invocations
 + Level 0.3 Evocations


You had 11 spell levels left.
You didn't know any spells.
Your spell library contained the following spells:

 Spells                   Type           Power        Failure   Level  Hunger
 Animate Skeleton         Necr           N/A          100%        1    ##.....
 Apportation              Tloc           #.....       100%        1    ##.....
 Confusing Touch          Hex            #.....       100%        1    ##.....
 Summon Small Mammal      Summ           #...         100%        1    ##.....
 Poisonous Vapours        Pois/Air       #.....       100%        2    ###....
 Conjure Flame            Conj/Fire      #.......     100%        3    ####...
 Mephitic Cloud           Conj/Pois/Air  #.......     100%        3    ####...
 Freezing Cloud           Conj/Ice/Air   #.........   100%        6    #######
 Ring of Flames           Chrm/Fire      #.........   100%        7    #######


Dungeon Overview and Level Annotations

Branches:
Dungeon (12/15)            Temple (0/1) D:5            Lair (0/6) D:9
    Orc (0/2) D:9           Sewer (visited)

Altars:
Fedhas
Kikubaaqudgha
Wu Jian
Yredelemnul
Zin
The Shining One

Annotations:
D:4 2 transporters, Nebesus's ghost, novice KoBe
D:11 Azrael
Abyss:1 Snorg


Innate Abilities, Weirdness & Mutations

You have hooves in place of feet.
You are mostly covered in molten scales. (AC +3)
You are partially covered in sharp spines.


Message History

The hell hound bites you but does no damage.
Azrael gestures at you.
The sticky flame hits you but does no damage.
You are covered in liquid flames!
You climb upwards.
You are covered in liquid flames!
* * * LOW HITPOINT WARNING * * *
You feel yourself speed up.
You feel sick.
There is a stone staircase leading down here.
Blink to where?
Press: ? - help, Dir - move target cursor You are very lightly contaminated with residual magic.
As you read the scroll of blinking, it crumbles to dust.
You feel sick. The hell hound breathes flames at you.
The blast of flame misses you. Azrael gestures at you.
The sphere of damnation explodes!
The damnation engulfs you!!!
You die...

#.#.#..#.###......#.#........#...
#...#..#.....)......#...##...#.#.
#...#..#......##....#...##...#.#.
#...#..#.##..)##)####........#.#.
'...#..#.##.<>##.#.##........#...
#.#.#..#.........#.##........'...
....#..##'###....#.##........#(#.
†...#.......#.##.#.##........#(..
..#.#..######.##@#.##...######(..
....#..'.........#.##...#....[...
#####..#.........#.##...#........
#..#.###....h'.##...#.#....#.
#..#.# #.....#.##...#.#......
#####..#.###..R..#.##...#........
#...#..#.....☼...#.##...#.....###
#...####.....○##.#.##...#.....#.#
#.#..........°§..#.##...#...#.#.#


You could see Azrael and a hell hound.

Vanquished Creatures
  Nessos (D:12)
  2 two-headed ogres
  Sonja (D:12)
  2 cyclopes
  Joseph (D:7)
  Psyche (D:8)
  A gargoyle (D:11)
  3 trolls
  4 hippogriffs
  A spriggan (D:11)
  10 yaks
  Sigmund (D:4)
  A wyvern (D:12)
  A basilisk (D:12)
  3 hungry ghosts
  A steam dragon (D:12)
  3 fire elementals
  2 wargs (D:9)
  A water moccasin (D:11)
  2 hell hounds (D:12)
  A black bear (D:7)
  3 ice beasts
  2 sky beasts
  6 orc warriors
  2 phantoms (D:9)
  4 ogres
  9 centaurs
  A crocodile (D:10)
  9 bullfrogs
  A wyvern skeleton (D:10)
  7 killer bees
  4 scorpions
  2 troll zombies (D:9)
  5 wights (D:8)
  6 crimson imps
  A centaur zombie (D:8)
  2 quasits
  3 bullfrog skeletons
  5 centaur skeletons
  2 jellies
  2 bullfrog zombies
  5 orc priests
  3 hounds
  15 orc wizards
  Jessica (D:3)
  3 iguanas
  9 worker ants
  6 ogre zombies (D:9)
  2 hound zombies
  A hound skeleton (D:11)
  2 gnolls (D:4)
  A howler monkey skeleton (D:9)
  19 adders
  3 river rats (Sewer)
  2 shadow imps
  3 oozes
  2 adder zombies
  An adder skeleton (D:9)
  3 worms
  A dart slug (D:2)
  5 leopard geckos
  51 orcs
  7 bats
  4 giant cockroaches
  A goblin (D:1)
  4 hobgoblins
  7 jackals
  4 kobolds (D:3)
  5 quokkas
  9 ball pythons (Sewer)
  5 frilled lizards
  3 goblin skeletons (D:9)
  3 goblin zombies (D:9)
  A hobgoblin skeleton (D:9)
  5 hobgoblin zombies (D:9)
  A jackal skeleton (D:5)
  5 orc skeletons (D:9)
  7 orc zombies (D:9)
  25 rats
353 creatures vanquished.

Vanquished Creatures (others)
  A centaur (D:12)
  2 plants (D:4)
  2 withered plants (D:9)
5 creatures vanquished.

Grand Total: 358 creatures vanquished

Notes
Turn   | Place    | Note
-------+----------+-------------------------------------------
     0 | Abyss:1  | eccles the Demonspawn Abyssal Knight began the quest for
                  | the Orb.
     0 | Abyss:1  | Reached XP level 1. HP: 18/18 MP: 2/2
    41 | Abyss:1  | Noticed a large abomination
    42 | D:1      | Escaped the Abyss
    96 | D:1      | Reached skill level 2 in Long Blades
   245 | D:1      | Reached * piety under Lugonu
  1035 | D:2      | Gained mutation: You have large cloven feet. [demonic
                  | ancestry]
  1035 | D:2      | Reached XP level 2. HP: 22/24 MP: 3/3
  1506 | D:2      | Gained mutation: You are partially covered in sharp spines.
                  | [demonic ancestry]
  1506 | D:2      | Reached XP level 3. HP: 28/29 MP: 4/4
  1930 | D:3      | Reached skill level 1 in Dodging
  2000 | D:3      | Reached skill level 3 in Long Blades
  2058 | D:3      | Gained mutation: You have hoof-like feet. [demonic
                  | ancestry]
  2058 | D:3      | Reached XP level 4. HP: 31/37 MP: 5/5
  2314 | D:3      | Noticed Jessica
  2316 | D:3      | Killed Jessica
  2426 | D:4      | Reached XP level 5. HP: 24/42 MP: 6/6
  2604 | D:4      | Noticed Sigmund
  2613 | D:3      | Reached ** piety under Lugonu
  2627 | D:4      | Killed Sigmund
  2627 | D:4      | Reached skill level 4 in Long Blades
  2627 | D:4      | Gained mutation: You are partially covered in molten
                  | scales. (AC +2) [demonic ancestry]
  2627 | D:4      | Reached XP level 6. HP: 24/48 MP: 7/7
  2990 | D:4      | Found an ornate altar of the Wu Jian Council.
  2990 | D:4      | Found a glowing golden altar of the Shining One.
  2990 | D:4      | Found a basalt altar of Yredelemnul.
  3019 | D:4      | HP: 2/48 [something (14)]
  3479 | D:4      | Found a transporter.
  3479 | D:4      | Found a transporter.
  3492 | D:4      | Noticed Nebesus's ghost (novice KoBe)
  3578 | D:5      | Entered Level 5 of the Dungeon
  3595 | D:5      | Reached skill level 1 in Stealth
  3624 | D:5      | Found a staircase to the Ecumenical Temple.
  3636 | D:5      | Gained mutation: You are mostly covered in molten scales.
                  | (AC +3) [demonic ancestry]
  3636 | D:5      | Reached XP level 7. HP: 43/54 MP: 8/8
  3683 | D:5      | Found a glowing drain.
  3701 | Sewer    | Entered a sewer
  3854 | Sewer    | Reached *** piety under Lugonu
  4127 | Sewer    | Reached skill level 5 in Long Blades
  4908 | D:5      | Found a glowing silver altar of Zin.
  5016 | D:6      | Reached XP level 8. HP: 58/61 MP: 9/9
  5070 | D:6      | Reached skill level 5 in Armour
  5085 | D:6      | Got a transparent quarterstaff
  5165 | D:6      | Reached skill level 5 in Fighting
  5165 | D:6      | Reached skill level 6 in Long Blades
  5190 | D:6      | Reached **** piety under Lugonu
  5712 | D:7      | Reached skill level 7 in Long Blades
  5996 | D:7      | Noticed Joseph
  6035 | D:7      | Killed Joseph
  6035 | D:7      | Gained mutation: You have hooves in place of feet. [demonic
                  | ancestry]
  6035 | D:7      | Reached XP level 9. HP: 26/68 MP: 10/10
  6522 | D:8      | Reached skill level 8 in Long Blades
  6559 | D:8      | Noticed Psyche
  6578 | D:8      | Killed Psyche
  7102 | D:9      | Reached skill level 9 in Long Blades
  7238 | D:9      | Reached XP level 10. HP: 77/77 MP: 11/11
  7289 | D:9      | Found a staircase to the Lair.
  7490 | D:9      | Reached ***** piety under Lugonu
  7564 | D:9      | Found a staircase to the Orcish Mines.
  7899 | D:9      | Found an ancient bone altar of Kikubaaqudgha.
  7902 | D:9      | Found a blossoming altar of Fedhas.
  7971 | D:10     | Entered Level 10 of the Dungeon
  8068 | D:10     | Reached skill level 10 in Long Blades
  8511 | D:10     | Reached skill level 11 in Long Blades
  8751 | D:11     | Reached XP level 11. HP: 86/86 MP: 12/12
  8976 | D:11     | Identified the +9 quarterstaff of Execution {crush, rPois
                  | MR+} (You found it on level 6 of the Dungeon)
  9372 | D:11     | Noticed a two-headed ogre
  9378 | D:11     | Killed a two-headed ogre
  9378 | D:11     | Reached skill level 1 in Throwing
 10371 | D:11     | Reached ****** piety under Lugonu
 10400 | D:11     | Identified a +7 long sword of distortion (a +5 long sword
                  | of freezing corrupted by Lugonu)
 10400 | D:11     | Received a gift from Lugonu
 10662 | D:12     | Noticed Nessos
 10668 | D:12     | Paralysed by Nessos for 2 turns
 10697 | D:11     | HP: 4/87 [poisoned by Nessos]
 10703 | D:11     | HP: 4/87 [poisoned by Nessos]
 10711 | D:11     | HP: 4/87 [poisoned by Nessos]
 11068 | D:12     | Paralysed by Nessos for 5 turns
 11260 | D:12     | Reached skill level 12 in Long Blades
 11360 | D:12     | Killed Nessos
 11439 | D:12     | Noticed Snorg
 11450 | D:12     | Banished Snorg
 11537 | D:12     | Noticed a two-headed ogre
 11538 | D:12     | Noticed Azrael
 11545 | D:12     | Noticed Sonja
 11793 | D:12     | Reached XP level 12. HP: 58/95 MP: 13/13
 11817 | D:12     | Killed a two-headed ogre
 12086 | D:12     | Killed Sonja
 12110 | D:11     | Killed from afar by Azrael

Levels and vault maps discovered:
D:1:      dpeg_arrival_short_road, layout_loops_ring, serial_rivers,
          chequers_serial_rivers_micro_b, chequers_serial_rivers_large_b,
          chequers_serial_rivers_micro_b, chequers_serial_rivers_micro_c
D:2:      layout_basic
D:3:      layout_basic, first_ration, uniq_jessica
D:4:      layout_rooms, gammafunk_temple_overflow_claw,
          gammafunk_ghost_gnarly_gnolls, sigmund_army
D:5:      layout_loops_ring, zin_academy, minmay_temple_entry_drinking_statues,
          portal_sewer_entry_d, nrook_mini_backslash
D:6:      layout_loops_ring
D:7:      layout_basic, minivault_5, centaur_isle, uniq_joseph
D:8:      layout_cave_pools, uniq_psyche
D:9:      layout_small_grid, grunt_temple_overflow_growth_and_decay,
          erik_lair_orcish_takeover, zombieorc2_lemuel
D:10:     layout_irregular_city
D:11:     layout_stronghold, the_bakery
D:12:     layout_basic, kennysheep_donut, uniq_azrael, uniq_nessos, uniq_sonja,
          uniq_snorg

Skill      XL: |  1  2  3  4  5  6  7  8  9 10 11 12 |
---------------+-------------------------------------+-----
Long Blades    | 2 3 4 5 7 9 11 12 | 12.5
Armour         | 2 3 4 6 7 8 9 |  9.9
Dodging        | 1 2 3 |  3.0
Fighting       | 4 5 6 8 9 |  9.1
Stealth        | 1 |  1.8
Throwing       | 1 2 |  2.0
Shields        | |  0.3
Invocations    | |  2.5
Evocations     | |  0.3

Action                   |  1- 3 |  4- 6 |  7- 9 | 10-12 || total
-------------------------+-------+-------+-------+-------++-------
Melee: Falchion          |    80 |   100 |   271 |       ||   451
       Kick              |    13 |    25 |    82 |   125 ||   245
       Long sword        |       |       |    52 |   421 ||   473
Throw: Stone             |     1 |       |       |       ||     1
       Dart              |       |       |       |    41 ||    41
Invok: Depart the Abyss  |     1 |       |       |       ||     1
       Brand Weapon With |       |       |       |     1 ||     1
Evoke: Wand              |       |       |       |     6 ||     6
  Use: Potion            |     2 |     2 |     1 |     8 ||    13
       Scroll            |       |    10 |    14 |    11 ||    35
  Eat: Chunk             |     3 |     3 |    14 |    20 ||    40
       Ration            |       |     1 |       |       ||     1
Armor: Leather armour    |    17 |       |       |       ||    17
       Scale mail        |     3 |    45 |    35 |       ||    83
       Plate armour      |       |       |   191 |   344 ||   535
Dodge: Dodged            |    50 |    45 |   101 |   141 ||   337
Block: Buckler           |       |       |       |    16 ||    16
       Rpst.: Falchion   |    12 |    16 |    21 |       ||    49
       Long sword        |       |       |     4 |    33 ||    37
